Map: Rohana LE

Players

Nyck

  • Race: Terran Terran
  • Spawn Location: 9:00

Ekelpack

  • Race: Zerg Zerg
  • Spawn Location: 11:00

DDIN - Winner!

  • Race: Zerg Zerg
  • League: Gold
  • Spawn Location: 5:00

startophone - Winner!

  • Race: Zerg Zerg
  • League: Platinum
  • Spawn Location: 3:00

VOD

Have the link to the VOD?

Description

Time

  • Played on: Nov. 27, 2024, 1:12 p.m.
  • Length: 10:18
Show
View Real Time Build Order
Export as new Build Order

Nyck Terran 

Build Orders:  

Get SALT Encoding   

  12  0:00  SCV  
  13  0:12  SCV  
  14  0:17  Supply Depot  
  14  0:26  SCV  
  15  0:39  SCV  
  15  0:42  Barracks  
  16  0:51  SCV  
  17  1:13  Command Center  
  17  1:15  SCV  
  18  1:28  Orbital Command  
  18  1:30  Marine  
  19  1:47  Supply Depot  
  19  1:49  Marine  
  19  1:50  Barracks  
  20  1:57  SCV  
  21  2:09  SCV  
  22  2:19  Marine  
  22  2:21  SCV  
  24  2:29  Orbital Command  
  24  2:33  SCV  
  25  2:38  Marine  
  25  2:39  Marine  
  25  2:40  Supply Depot  
  25  2:43  Refinery  
  27  2:45  SCV, Refinery  
  28  2:56  SCV, Marine x2  
  28  2:57  SCV  
  32  3:04  Barracks  
  32  3:08  SCV  
  32  3:09  SCV  
  34  3:17  Refinery  
  34  3:20  Barracks Tech Lab, SCV  
  34  3:21  SCV  
  34  3:25  Barracks Reactor  
  36  3:32  SCV  
  36  3:33  SCV  
  38  3:39  Marine, Refinery  
  39  3:42  Combat Shield  
  39  3:45  SCV  
  39  3:46  SCV  
  41  3:57  SCV, Marine  
  41  3:58  SCV  
  41  3:59  Barracks Reactor  
  44  4:04  Marine x2  
  44  4:09  SCV  
  47  4:11  SCV  
  48  4:21  SCV  
  48  4:23  SCV  
  48  4:24  Command Center  
  50  4:29  Supply Depot  
  50  4:30  Marine  
  50  4:31  Marine  
  52  4:33  SCV, Marine  
  54  4:43  Factory  
  54  4:50  SCV x2, Marine x2  
  54  4:52  Engineering Bay  
  58  4:57  Supply Depot  
  58  4:58  Marine x3  
  61  5:01  Stimpack  
  61  5:02  SCV x2  
  63  5:10  Marine x2  
  65  5:15  SCV x2  
  67  5:25  Supply Depot  
  67  5:32  Factory Reactor  
  67  5:34  Starport  
  67  5:35  SCV  
  67  5:36  SCV  
  67  5:38  Terran Infantry Weapons Level 1  
  67  5:39  Armory  
  69  5:44  Marine x2  
  69  5:45  Marine x3  
  74  5:50  SCV x2  
  76  6:02  Marine x3  
  76  6:03  Marine  
  80  6:23  Marine x3  
  80  6:24  Marine x2  
  85  6:30  SCV  
  85  6:31  SCV  
  87  6:37  Orbital Command  
  87  6:43  SCV x2  
  89  6:47  Engineering Bay  
  89  6:49  Barracks  
  89  6:52  Supply Depot  
  89  6:55  SCV x2  
  89  6:59  Marine x2  
  89  7:00  Marine x3  
  96  7:06  SCV  
  96  7:07  SCV x2  
  99  7:10  Medivac  
  99  7:13  Medivac  
  103  7:18  Supply Depot, SCV  
  103  7:19  SCV x2  
  106  7:26  Terran Infantry Armor Level 1  
  106  7:28  Barracks  
  106  7:33  Terran Infantry Weapons Level 2  
  106  7:37  Barracks  
  106  7:39  Barracks Reactor  
  106  7:40  Concussive Shells  
  106  7:41  Supply Depot  
  106  7:43  Medivac x2  
  110  7:45  Marine  
  110  7:46  Marine  
  110  7:47  Marine x2  
  110  7:48  Marine  
  115  8:06  Supply Depot, Marine x4  
  115  8:07  Marine  
  115  8:09  SCV x2  
  115  8:10  SCV  
  123  8:18  Marine x2  
  125  8:20  Barracks Reactor  
  125  8:27  SCV x3  
  125  8:28  Barracks Reactor  
  125  8:29  Supply Depot  
  125  8:31  Barracks  
  128  8:45  Command Center  
  128  8:53  Supply Depot  
  79  9:01  Marine  
  79  9:02  Marine x8  
  88  9:03  Marine  
  88  9:04  Marine  
  87  9:17  Supply Depot  
  87  9:19  Marine  
  87  9:20  Marine x8  
  87  9:21  Marine x3  
  99  9:37  Marine x6  
  99  9:38  Marine x3  
  108  9:39  Marine x3  
  103  9:55  Marine x8  
  103  9:56  Marine  
  103  9:57  Marine x3  
Show
View Real Time Build Order
Export as new Build Order

Ekelpack Zerg 

Build Orders: Hatch First 

Get SALT Encoding   

  12  0:01  Drone  
  13  0:12  Overlord  
  13  0:16  Drone  
  14  0:31  Drone  
  15  0:44  Hatchery  
  15  0:46  Drone  
  15  1:02  Spawning Pool  
  14  1:05  Drone  
  14  1:08  Extractor  
  14  1:11  Drone  
  15  1:15  Drone  
  16  1:19  Drone  
  17  1:27  Drone  
  18  1:37  Drone  
  19  1:49  Queen  
  21  1:58  Queen  
  23  2:03  Drone  
  24  2:12  Overlord  
  24  2:15  Drone  
  25  2:16  Drone  
  25  2:18  Drone  
  25  2:20  Drone  
  28  2:32  Lair  
  28  2:39  Drone x2  
  28  2:40  Extractor  
  28  2:42  Drone  
  30  2:45  Metabolic Boost  
  30  2:50  Drone x2  
  32  2:53  Drone  
  33  3:00  Drone  
  34  3:08  Extractor  
  34  3:10  Drone x3  
  34  3:12  Overlord  
  36  3:16  Extractor  
  36  3:17  Drone  
  36  3:30  Drone x2  
  38  3:37  Spire  
  38  3:40  Drone  
  38  3:43  Drone x4  
  38  3:44  Overlord  
  42  3:50  Zergling x4  
  44  4:04  Queen  
  44  4:20  Drone  
  44  4:22  Overlord x3  
  44  4:49  Mutalisk x6  
  44  4:50  Mutalisk x3  
  61  4:53  Zergling x6  
  61  4:59  Zerg Flyer Weapons Level 1  
  64  5:10  Drone  
  65  5:18  Hatchery  
  64  5:41  Infestation Pit  
  64  5:42  Drone  
  64  5:43  Overlord x3  
  64  5:47  Drone x2  
  64  5:48  Drone x3  
  68  6:28  Hatchery, Mutalisk x2, Extractor  
  68  6:29  Mutalisk x6  
  68  6:31  Extractor  
  81  6:40  Hive  
  81  6:42  Zergling x4  
  83  7:10  Roach Warren  
  82  7:16  Evolution Chamber  
  82  7:17  Overlord  
  81  7:59  Roach x7  
  81  8:00  Roach x6  
  81  8:01  Roach  
  109  8:10  Drone x4  
  109  8:12  Overlord x2  
  113  8:14  Pneumatized Carapace  
  113  8:21  Zerg Missile Weapons Level 1  
  113  8:23  Glial Reconstitution  
  113  8:29  Queen  
  111  9:01  Drone x4  
  111  9:02  Drone x2, Overlord x3  
  85  9:21  Roach x3  
  85  9:22  Roach x5  
  72  9:39  Roach  
  72  9:40  Roach x2  
  72  9:44  Roach x3  
  68  9:52  Roach x2  
Show
View Real Time Build Order
Export as new Build Order

DDIN Zerg - Winner!

Build Orders: Hatch First 

Get SALT Encoding   

  12  0:04  Drone  
  13  0:10  Drone  
  14  0:20  Overlord  
  14  0:31  Overlord  
  14  0:43  Drone x2  
  16  0:57  Hatchery  
  15  1:01  Drone x2  
  17  1:14  Spawning Pool  
  16  1:30  Drone x2  
  18  1:38  Extractor  
  17  1:41  Drone x2  
  19  2:05  Queen  
  21  2:09  Queen  
  21  2:11  Drone x3  
  26  2:30  Drone x3  
  26  2:35  Roach Warren  
  26  2:36  Extractor  
  27  2:39  Drone x2  
  29  2:46  Queen  
  31  3:04  Drone  
  31  3:05  Drone x4  
  36  3:13  Overlord  
  36  3:28  Overlord  
  36  3:29  Overlord  
  36  3:32  Lair  
  36  3:43  Evolution Chamber  
  36  3:45  Evolution Chamber  
  34  3:49  Drone x4  
  34  3:50  Drone x3  
  34  3:51  Roach x2  
  45  4:18  Zerg Ground Armor Level 1  
  45  4:20  Zerg Missile Weapons Level 1  
  45  4:21  Roach x4  
  45  4:22  Roach  
  45  4:24  Roach  
  57  4:28  Spore Crawler  
  56  4:38  Hydralisk Den  
  56  4:40  Drone x2  
  56  4:41  Drone  
  56  4:42  Roach  
  56  4:44  Overlord  
  56  4:45  Overlord  
  60  4:48  Overseer  
  60  4:54  Spine Crawler  
  60  4:58  Spine Crawler  
  58  5:04  Spore Crawler  
  57  5:12  Roach  
  57  5:13  Roach  
  61  5:22  Hatchery  
  60  5:32  Spore Crawler, Hydralisk x3  
  60  5:33  Hydralisk  
  67  5:41  Spore Crawler  
  66  5:50  Hydralisk  
  68  6:11  Grooved Spines  
  68  6:15  Overlord x3  
  68  6:20  Extractor  
  68  6:21  Extractor  
  66  6:31  Overlord  
  66  6:32  Overlord  
  66  6:36  Hatchery  
  65  6:43  Zerg Ground Armor Level 2  
  65  6:48  Drone x2  
  65  6:49  Drone x9  
  65  6:50  Overlord  
  76  7:16  Hydralisk  
  76  7:17  Hydralisk x4  
  76  7:18  Drone  
  76  7:20  Overlord  
  87  7:27  Overseer  
  87  7:34  Zerg Missile Weapons Level 2  
  87  7:59  Hydralisk x4  
  87  8:03  Muscular Augments  
  95  8:18  Queen  
  97  8:21  Drone  
  97  8:22  Drone, Overlord  
  97  8:23  Hydralisk x5  
  97  8:24  Drone  
  110  8:37  Hydralisk x2  
  110  8:55  Spire  
  109  9:00  Hydralisk  
  109  9:01  Hydralisk x5  
  115  9:15  Hydralisk x4  
  121  9:18  Overlord  
  113  9:48  Hydralisk x7  
Show
View Real Time Build Order
Export as new Build Order

startophone Zerg - Winner!

Build Orders: Hatch First 

Get SALT Encoding   

  12  0:02  Drone  
  13  0:14  Overlord  
  13  0:17  Drone  
  14  0:32  Drone  
  14  0:33  Drone  
  16  0:54  Hatchery  
  15  1:04  Spawning Pool  
  15  1:06  Drone  
  15  1:10  Drone, Extractor  
  15  1:15  Drone  
  16  1:26  Drone  
  17  1:33  Drone  
  17  1:39  Overlord  
  18  1:51  Drone, Queen  
  21  2:04  Drone  
  21  2:05  Queen  
  24  2:10  Metabolic Boost  
  24  2:15  Drone  
  25  2:16  Drone  
  26  2:24  Drone x2  
  28  2:32  Drone, Evolution Chamber  
  28  2:34  Drone  
  29  2:40  Zergling x2  
  30  2:48  Queen  
  32  2:53  Overlord  
  32  2:56  Zergling x2  
  33  3:03  Zerg Melee Weapons Level 1  
  33  3:06  Drone x2  
  33  3:07  Drone  
  36  3:14  Zergling x2  
  36  3:15  Overlord  
  36  3:18  Drone x2  
  39  3:25  Baneling Nest  
  39  3:27  Drone  
  39  3:38  Queen  
  39  3:39  Drone x2  
  39  3:41  Drone  
  44  3:45  Drone x2  
  46  3:51  Overlord  
  46  4:01  Drone x4  
  46  4:02  Drone x2  
  51  4:18  Zergling x6, Extractor  
  51  4:23  Lair  
  53  4:30  Hatchery  
  52  4:38  Evolution Chamber  
  52  4:45  Spore Crawler  
  50  4:46  Zergling x2  
  50  4:47  Zergling x6  
  50  4:51  Spore Crawler  
  53  4:57  Zerg Ground Armor Level 1  
  53  5:01  Drone x4  
  53  5:02  Drone x3  
  53  5:04  Overlord x2  
  53  5:05  Overlord  
  60  5:09  Overlord  
  60  5:25  Spore Crawler  
  60  5:28  Spore Crawler  
  58  5:30  Spore Crawler  
  57  5:35  Zergling x2  
  57  5:36  Zergling x10  
  63  5:43  Spore Crawler  
  63  5:47  Queen  
  64  5:57  Spore Crawler  
  64  5:58  Spore Crawler  
  64  6:00  Spore Crawler  
  61  6:05  Overseer  
  61  6:14  Infestation Pit  
  60  6:21  Drone x6  
  60  6:22  Drone x2  
  60  6:23  Zergling x10  
  70  6:33  Baneling x6  
  70  6:35  Centrifugal Hooks  
  70  6:41  Extractor  
  69  6:50  Drone x2  
  71  7:03  Queen  
  71  7:05  Zergling x2  
  74  7:15  Spore Crawler  
  73  7:16  Hive  
  73  7:27  Zergling x2  
  73  7:28  Overlord x2  
  73  7:29  Overlord x3  
  74  7:33  Baneling x2  
  74  7:35  Baneling  
  74  7:50  Evolution Chamber  
  71  7:51  Evolution Chamber  
  71  7:56  Spore Crawler  
  69  8:02  Baneling  
  69  8:03  Baneling x5  
  69  8:10  Spore Crawler  
  69  8:12  Baneling x3  
  68  8:14  Drone x2  
  68  8:15  Drone x4, Overlord x3  
  74  8:24  Zergling x6  
  74  8:25  Zergling x16  
  74  8:26  Baneling x3  
  85  8:27  Baneling  
  85  8:32  Extractor  
  84  8:39  Zergling x8  
  84  8:40  Zergling x2  
  69  8:59  Zergling x12  
  69  9:00  Zergling x8  
  78  9:03  Zergling x8  
  79  9:12  Zergling x4  
  77  9:19  Zergling x2  
  76  9:37  Zergling x12  
  79  9:42  Zergling x4  
  70  9:49  Baneling x5  
  70  9:50  Baneling x4  
  67  9:57  Zergling x10  
Tags
 
Add a new tag
Caveats
  • Supply blocks, unpowered buildings, or Contaminate may cause inaccurate times.
  • Supply counts are checked every 10 seconds.